 Dungeon Crawl Stone Soup version 0.29.1-2-gbd0b4ee654 (webtiles) character file.

Game seed: 1369417432565279183

284 fleeber the Conjurer (level 6, -10/32 HPs)
             Began as a Deep Elf Conjurer on Nov 5, 2022.
             Mangled by a gnoll sergeant
             ... wielding a +0 spear
              (11 damage)
             ... on level 4 of the Dungeon.
             The game lasted 00:15:23 (4130 turns).

fleeber the Conjurer (Deep Elf Conjurer)            Turns: 4130, Time: 00:15:24

Health: -10/32     AC:  4    Str:  4    XL:     6   Next: 7%
Magic:  1/15       EV: 12    Int: 25    God:
Gold:   166        SH:  0    Dex: 13    Spells: 14/15 levels left

rFire   . . .      SeeInvis .   f - staff of earth
rCold   . . .      Faith    .   (no shield)
rNeg    . . .      Spirit   .   j - +1 animal skin
rPois   .          Reflect  .   k - +0 helmet
rElec   .          Harm     .   (no cloak)
rCorr   .          Rampage  .   (no gloves)
Will    .....                   (no boots)
Stlth   ++........              (no amulet)
HPRegen 0.10/turn               (no ring)
MPRegen 0.14/turn               (no ring)

@: no status effects
A: no striking features
a: no special abilities


You were on level 4 of the Dungeon.
You visited 1 branch of the dungeon, and saw 4 of its levels.

You collected 166 gold pieces.

Inventory:

Armour
 j - a +1 animal skin (worn)
 k - a +0 helmet (worn)
Magical Staves
 f - a staff of earth (weapon)
Wands
 i - a wand of flame (31)
Scrolls
 a - a scroll of butterflies {unknown}
 c - 5 scrolls of identify {unknown}
 e - a scroll of enchant armour {unknown}
 g - a scroll of blinking {unknown}
 l - a scroll of magic mapping {unknown}
Potions
 b - 2 potions of magic
 d - a potion of degeneration {unknown}
 h - a potion of mutation {unknown}
 m - a potion of lignification {unknown}
 n - a potion of berserk rage {unknown}


   Skills:
 - Level 2.4 Dodging
 - Level 2.4 Stealth
 - Level 5.0 Spellcasting
 + Level 7.3 Conjurations


You had 14 spell levels left.
You knew the following spells:

 Your Spells              Type           Power      Damage    Failure   Level
a - Magic Dart            Conj           100%       1d8       1%          1

Your spell library contained the following spells:

 Spells                   Type           Power      Damage    Failure   Level
 Foxfire                  Conj/Fire      96%        2x1d8     1%          1
 Searing Ray              Conj           86%        2d7       1%          2
 Conjure Flame            Conj/Fire      24%        6-21      5%          3
 Dazzling Flash           Conj/Hex       48%        N/A       5%          3
 Flame Wave               Conj/Fire      24%        2d8       19%         4
 Fulminant Prism          Conj/Hex       12%        3d9       19%         4
 Iskenderun's Mystic Bla  Conj/Tloc      24%        2d7       19%         4
 Inner Flame              Hex/Fire       6%         N/A       24%         3
 Portal Projectile        Hex/Tloc       12%        N/A       24%         3
 Tukima's Dance           Hex            6%         N/A       24%         3
 Blade Hands              Tmut           3%         N/A       92%         5


Dungeon Overview and Level Annotations

Branches:
Dungeon (4/15)
 Temple: D:4-7

Altars:
Kikubaaqudgha
Wu Jian


Message History

Aiming: Magic Dart (safe; 1% risk of failure)
Press: ? - help, Q - select action, (/) - cycle Shift-Dir - straight line, f/p - gnoll sergeant
Aim: a gnoll sergeant, wielding a +0 spear and wearing a +0 scale mail (moderately wounded, 100% to hit)
The magic dart hits the gnoll sergeant.
The gnoll sergeant is heavily wounded.
The gnoll sergeant hits you from afar with a +0 spear!
* * * LOW HITPOINT WARNING * * *
Aiming: Magic Dart (safe; 1% risk of failure)
Press: ? - help, Q - select action, (/) - cycle Shift-Dir - straight line, f/p - gnoll sergeant
Aim: a gnoll sergeant, wielding a +0 spear and wearing a +0 scale mail (heavily wounded, 100% to hit)
The magic dart hits the gnoll sergeant but does no damage.
The gnoll sergeant is heavily wounded.
The gnoll sergeant hits you from afar with a +0 spear.
* * * LOW HITPOINT WARNING * * *
Aiming: Magic Dart (safe; 1% risk of failure)
Press: ? - help, Q - select action, (/) - cycle Shift-Dir - straight line, f/p - gnoll sergeant
Aim: a gnoll sergeant, wielding a +0 spear and wearing a +0 scale mail (heavily wounded, 100% to hit)
The magic dart hits the gnoll sergeant but does no damage.
The gnoll sergeant is heavily wounded.
The gnoll sergeant completely misses you.
Aiming: Magic Dart (safe; 1% risk of failure)
Press: ? - help, Q - select action, (/) - cycle Shift-Dir - straight line, f/p - gnoll sergeant
Aim: a gnoll sergeant, wielding a +0 spear and wearing a +0 scale mail (heavily wounded, 100% to hit)
The magic dart hits the gnoll sergeant but does no damage.
The gnoll sergeant is heavily wounded.
The gnoll sergeant misses you.
Aiming: Magic Dart (safe; 1% risk of failure)
Press: ? - help, Q - select action, (/) - cycle Shift-Dir - straight line, f/p - gnoll sergeant
Aim: a gnoll sergeant, wielding a +0 spear and wearing a +0 scale mail (moderately wounded, 100% to hit)
The magic dart hits the gnoll sergeant.
The gnoll sergeant is severely wounded.
The gnoll sergeant hits you from afar with a +0 spear.
* * * LOW HITPOINT WARNING * * *
Aiming: Magic Dart (safe; 1% risk of failure)
Press: ? - help, Q - select action, (/) - cycle Shift-Dir - straight line, f/p - gnoll sergeant
Aim: a gnoll sergeant, wielding a +0 spear and wearing a +0 scale mail (severely wounded, 100% to hit)
The magic dart hits the gnoll sergeant but does no damage.
The gnoll sergeant is severely wounded.
The gnoll sergeant hits you from afar with a +0 spear!
You die...

###.. ###.... ##...... ###
#.......###.## ##...
##.....# #....###...##.##
#......g##..#
...#...<.....## #
#....@.....# #..)####....#
##..###.....## #
#.###.).....## .#.##.
##).......###
#..gg..##...........#...
...###..................
......#............###....
....#...###........# ....


You could see a gnoll sergeant.

Vanquished Creatures
  Natasha (thrice) (D:2)
  Robin (D:3)
  4 gnolls
  8 adders
  A worm (D:4)
  A dart slug (D:1)
  8 ball pythons
  7 bats
  3 endoplasms
  3 giant cockroaches
  16 goblins
  9 hobgoblins
  6 jackals
  3 quokkas
  3 kobolds
  7 rats
83 creatures vanquished.

Notes
Turn   | Place    | Note
-------+----------+-------------------------------------------
     0 | D:1      | fleeber the Deep Elf Conjurer began the quest for the Orb.
     0 | D:1      | Reached XP level 1. HP: 10/10 MP: 6/6
   406 | D:1      | Reached XP level 2. HP: 15/15 MP: 7/9
  1030 | D:2      | Reached XP level 3. HP: 19/19 MP: 9/11
  1088 | D:2      | Found an ornate altar of the Wu Jian Council.
  1107 | D:2      | Reached skill level 5 in Spellcasting
  1337 | D:2      | Reached skill level 5 in Conjurations
  1445 | D:2      | Found a faded altar of an unknown god.
  1573 | D:2      | Noticed Natasha
  1821 | D:2      | Killed Natasha
  1822 | D:2      | Reached XP level 4. HP: 24/24 MP: 7/13
  2042 | D:2      | Noticed Natasha
  2524 | D:3      | Noticed Robin
  2531 | D:3      | Killed Robin
  2695 | D:2      | Killed Natasha
  2696 | D:2      | Reached skill level 6 in Conjurations
  2696 | D:2      | Reached XP level 5. HP: 24/28 MP: 8/14
  2753 | D:2      | Noticed Natasha
  2762 | D:2      | Killed Natasha
  3562 | D:3      | Found an ancient bone altar of Kikubaaqudgha.
  3716 | D:4      | Reached skill level 7 in Conjurations
  4110 | D:4      | Reached XP level 6. HP: 32/32 MP: 9/15
  4129 | D:4      | HP: 1/32 [gnoll sergeant/+0 spear (3)]
  4130 | D:4      | Mangled by a gnoll sergeant

Illustrated notes

Levels and vault maps discovered:
D:1:      sevenhm_arrival_forest_fort_small_5, layout_basic
D:2:      layout_rooms, dreamdust_ecumenical_altar_angels_and_demons,
          basic_altar, uniq_natasha
D:3:      layout_rooms, mainiacjoe_overflow_alcove_2, nrook_mini_backslash,
          chequers_serial_rivers_small_a, minivault_11, uniq_robin
D:4:      layout_cave_pools, minmay_misc_feat_alley

Skill      XL: |  1  2  3  4  5 |
---------------+----------------+-----
Spellcasting   | 4 5 |  5.0
Conjurations   | 5 6 7 |  7.3
Dodging        | |  2.4
Stealth        | |  2.4

Action                   |  1- 3 |  4- 6 || total
-------------------------+-------+-------++-------
 Cast: Magic Dart        |    73 |   125 ||   198
Armor: Robe              |     1 |     1 ||     2
Dodge: Dodged            |     3 |    21 ||    24
